[Event "2nd Serbia Open Masters 2022"]
[Site "Novi Sad"]
[Date "2022.06.28"]
[Round "1.29"]
[White "Makhnev, Denis"]
[Black "Rabrenovic, Vladan"]
[Result "1-0"]
[ECO "E08"]
[WhiteElo "2505"]
[BlackElo "2277"]
[Annotator "TA"]
[PlyCount "95"]
[EventDate "2022.06.28"]
[EventType "swiss"]
[EventCountry "SRB"]
[SourceTitle "playchess.com"]
[Source "ChessBase"]
[SourceQuality "1"]
[TimeControl "40/5400+30:900+30"]

1. d4 d5 2. c4 e6 3. Nf3 Nf6 4. g3 Bb4+ 5. Bd2 Be7 6. Bg2 O-O 7. O-O c6 8. Qc2 Nbd7 9. Bf4 b6 10. Rd1 Bb7 11. Ne5 {[%emt 0:01:01] 11.Ne5 is better than 11.Nc3.} Rc8 12. Nc3 Nxe5 {[%emt 0:01:57] E08: Closed Catalan: Main Line: 7 Qc2.} 13. dxe5 Nd7 14. cxd5 cxd5 {[%emt 0:02:43] White is slightly better.} 15. e4 d4 16. Rxd4 {[%emt 0:00:14] Threatens to win with Qd2.} Qc7 17. Qe2 {[%emt 0:09:33] And now Nb5 would win.} a6 {[%emt 0:07:25] [#] Against Nb5} 18. Rc1 $146 {[%emt 0:40:17] Strongly threatening Qd1.} ({Predecessor:} 18. Rad1 Nxe5 19. h4 b5 20. a3 h6 21. Qh5 Bf6 22. Rd6 Qc5 23. Be3 Qc7 24. Bf4 Qc5 25. Be3 Qc7 {½-½ (25) Swinkels,R (2486)-Ginsburg,G (2443) Germany 2018}) 18... Bc5 {[%emt 0:06:27] [#]} (18... Nxe5 $142 19. Na4 Qxc1+ 20. Bxc1 Rxc1+ 21. Rd1 Rxd1+ 22. Qxd1 Rd8) 19. Rdd1 $1 $16 a5 (19... Qd8 $16 20. a3 b5) 20. Nb5 $18 Qd8 21. Nd6 Rc7 22. a3 Bc6 23. Rc3 a4 24. Nb5 {[%emt 0:01:27] 0x0.001e6a788956dp-1022s more active pieces.} (24. Rc2 $142) 24... Rb7 ({Black should play} 24... Bxb5 25. Qxb5 g5) 25. h4 $16 Qa8 26. Nd6 Ra7 27. h5 h6 28. Kh2 Ra5 29. g4 $36 {[%emt 0:01:02][%mdl 2048] White has strong initiative.} f6 (29... Bxd6 $142 30. Rxd6 (30. exd6 Rc5 $16) 30... Rc5 31. Rxc5 Nxc5) 30. exf6 Nxf6 31. Bg3 Bxd6 (31... Ra7 $142 32. Kh3 Kh8) 32. Bxd6 $18 Bxe4 $2 {[%emt 0:00:29] [#]} (32... Bb5 {is more resistant.} 33. Qf3 Rf7) 33. f3 (33. Bxf8 $142 Kxf8 34. Bxe4 Qxe4 35. Rc8+ Ke7 36. Rc7+ Ke8 37. Qxe4 Nxe4 38. Rdd7) 33... Bd5 34. Bxf8 Qxf8 35. Rdc1 {[%emt 0:00:22] aiming for Rc8.} Rc5 {[%emt 0:00:31] Inhibits Rc8.} 36. Rxc5 bxc5 37. Qe5 Qa8 38. Qf4 ({Not} 38. Rxc5 Nd7 39. Qe3 Nxc5 40. Qxc5 Qb8+ 41. Kh3 Qxb2 $11) 38... c4 39. Re1 Qb7 40. Re2 Nh7 41. Kg3 Ng5 $2 (41... Nf6 42. Qe3 Qc8) 42. Qe3 {[%emt 0:00:14] White is clearly winning.} Nh7 43. f4 Nf6 44. Qxe6+ Bxe6 45. Bxb7 Bxg4 46. Bf3 Bd7 47. Re5 Kf7 48. Be2 {[%emt 0:15:05] Weighted Error Value: White=0.15 (very precise) /Black=0.41} 1-0

[Event "2nd Serbia Open Masters 2022"]
[Site "Novi Sad"]
[Date "2022.06.28"]
[Round "1.30"]
[White "Nurmanova, Alua"]
[Black "Greenfeld, Alon"]
[Result "1/2-1/2"]
[ECO "B68"]
[WhiteElo "2194"]
[BlackElo "2503"]
[Annotator "TA"]
[PlyCount "65"]
[EventDate "2022.06.28"]
[EventType "swiss"]
[EventCountry "SRB"]
[SourceTitle "playchess.com"]
[Source "ChessBase"]
[SourceQuality "1"]
[TimeControl "40/5400+30:900+30"]

1. e4 c5 2. Nf3 Nc6 3. d4 cxd4 4. Nxd4 Nf6 5. Nc3 d6 6. Bg5 e6 7. Qd2 a6 8. O-O-O Be7 9. f4 Bd7 $1 {[%emt 0:01:27] The main line 9...Bd7 scores better than 9...Nxd4.} 10. Nf3 b5 11. a3 {[%emt 0:13:49] B68: Sicilian: Richter-Rauzer: 7...a6 8 0-0-0 Bd7 9 f4 Be7 .} (11. Bxf6 $14 gxf6 12. Kb1) 11... b4 $11 12. axb4 Nxb4 13. Kb1 {[%emt 0:08:37] [#] White has an edge.} (13. Bxf6 $5 gxf6 14. Bc4 $11) 13... O-O $146 (13... Bc6 $14) ({Predecessor:} 13... h6 14. Bh4 Rb8 15. e5 dxe5 16. Nxe5 Rb7 17. Bc4 Bb5 18. Qxd8+ Bxd8 19. Nxb5 axb5 20. Bxb5+ Rxb5 21. Rxd8+ Kxd8 22. Nxf7+ {1-0 (26) Shankland,S (2713)-Maghsoodloo,P (2656) Biel 2019}) 14. e5 $16 Nfd5 15. Nxd5 Nxd5 16. Bxe7 $1 Nxe7 17. exd6 Nc6 18. Bd3 $36 {[%emt 0:03:42][%cal Od3h7][%mdl 2048] Threatens to win with Bxh7+! Keeping Black busy. White is more active.} Qb6 {[%emt 0:03:13] [#]} (18... h6 $16 19. Rhe1 Rb8) 19. c3 $2 ({Only move:} 19. Bxh7+ $1 $18 Kxh7 20. Ng5+ Kg6 21. Qd3+ f5 22. Qg3 (22. Qh3 Rab8 $11)) 19... Rab8 $14 20. Rhe1 Na5 $2 (20... g6 $14) 21. Re2 $2 (21. b4 $18) 21... Nb3 $2 {[%emt 0:08:19][%mdl 8192] [#]} (21... g6 $11) 22. Bxh7+ $1 $18 Kxh7 (22... Kh8 23. Qe1) 23. Ng5+ $1 Kg6 24. Qd3+ f5 25. Qg3 $1 Kf6 {[%emt 0:00:40] [#] ...Qa5 is the strong threat.} 26. Qh4 $2 (26. Nxe6 $1 $18 Bxe6 27. Qg5+ Kf7 {[#]} 28. Rxe6 $1 ) 26... Rh8 $11 27. Ne4+ {[%emt 0:01:02][%mdl 64] Discovered Attack (Double check)} Kg6 28. Qg5+ Kh7 29. Qh5+ Kg8 30. Nf6+ {[%emt 0:00:15] The position is equal.} gxf6 31. Qg6+ Kf8 {[%emt 0:00:09] And now ...Qd8 would win.} 32. Qxf6+ Kg8 {[%emt 0:00:03] aiming for ...Rh7.} 33. Qg6+ {[%emt 0:00:29] Weighted Error Value: White=0.56/Black=0.90} 1/2-1/2

[Event "2nd Serbia Open Masters 2022"]
[Site "Novi Sad"]
[Date "2022.06.28"]
[Round "1.31"]
[White "Kovacevic, Aleksandar"]
[Black "Sharan, Rao"]
[Result "1/2-1/2"]
[ECO "C14"]
[WhiteElo "2503"]
[BlackElo "2274"]
[Annotator "TA"]
[PlyCount "130"]
[EventDate "2022.06.28"]
[EventType "swiss"]
[EventCountry "SRB"]
[SourceTitle "playchess.com"]
[Source "ChessBase"]
[SourceQuality "1"]
[TimeControl "40/5400+30:900+30"]

1. e4 e6 2. d4 d5 3. Nc3 Nf6 4. Bg5 Be7 5. e5 Nfd7 6. h4 h6 7. Bxe7 Qxe7 8. f4 a6 {[%emt 0:00:42] C14: French: Classical System: 4 Bg5 Be7 main line.} 9. Nf3 c5 10. Ne2 Nc6 11. c3 {[%emt 0:04:38] [#]} f6 $146 ({Predecessor:} 11... b5 12. g4 h5 13. gxh5 Rxh5 14. Ng3 Rh8 15. Qd2 b4 16. cxb4 Nxb4 17. h5 a5 {1-0 (35) Lei,T (2505)-Hou,Y (2658) Chess.com INT 2021}) 12. h5 cxd4 (12... O-O $11) 13. cxd4 (13. Nh4 $1 $14 dxc3 14. Ng6 cxb2 15. Nxe7 bxa1=R 16. Qxa1 Nxe7 17. Nd4) 13... fxe5 14. fxe5 (14. Nxe5 Ndxe5 15. dxe5 O-O $11) 14... O-O 15. Qd2 Qf7 {[%emt 0:09:31] Prevents Nf4.} (15... Qb4 {seems wilder.} 16. Rh4 Nb6 17. Nf4 Nc4) 16. Rh4 Nb6 (16... Qe7 $14 17. Rg4 Qb4) 17. Nf4 $16 Ne7 {[%emt 0:00:17] Prevents Ng6.} (17... Qc7 $142) 18. b3 $1 {[%emt 0:03:00] White is more active.} Bd7 19. Bd3 Nf5 20. Rg4 Bb5 21. Bb1 Rfc8 (21... Nc8 {was worth a try.}) 22. Ng6 $18 Qc7 23. Bxf5 exf5 24. Rf4 Kh7 25. a4 (25. Rxf5 $6 Qc2 26. Qxc2 (26. Rf7 $2 Qe4+ 27. Kf2 Rc2 $19) 26... Rxc2 $16) 25... Be8 26. Rxf5 Bxg6 27. hxg6+ Kxg6 28. Nh4+ Kh7 29. a5 Qe7 $2 {[%emt 0:00:05] [#]} (29... Nd7 $16 {was necessary.}) 30. Qf4 $1 ({Worse is} 30. axb6 Qxh4+ 31. Rf2 (31. Qf2 Qe4+ 32. Kf1 Rc2 $17) 31... Rf8 $17) (30. Rh5 Qe6 $16) 30... Nd7 31. Rf7 Qb4+ 32. Kf1 Rf8 {[%emt 0:00:00] [#]} 33. e6 {[%emt 0:01:46] Hoping for Re1.} Rxf7 34. exf7 {[%emt 0:00:02] Intending Qf5+ and mate. Dancing on a razor blade.} (34. Qxf7 $2 {loses.} Rf8 35. Qxf8 Qxf8+ $19) 34... Qb5+ 35. Kg1 {[%emt 0:00:23] White threatens Qf5+ and mate.} Qd3 36. Re1 {[%emt 0:01:32] Threatens to win with Re8.} Nf6 {[%emt 0:00:00] Inhibits Re8.} (36... Rf8 $142 37. Re7 g5 38. Qf5+ Qxf5 39. Nxf5 Nf6 40. Rxb7 Ne4) 37. Qf5+ $2 (37. Nf3 $18) 37... Qxf5 $14 38. Nxf5 {[%emt 0:00:03][%mdl 4096] Endgame KRN-KRN} Kg6 39. Nd6 {[%emt 0:00:21] The position is equal.} Ne4 $1 {[%emt 0:00:26] [#]} 40. Rf1 $1 Rf8 $132 {[%emt 0:00:00][%mdl 2048] Black has counterplay} 41. Nxb7 Rxf7 42. Rxf7 Kxf7 $11 {[%emt 0:00:02] KN-KN} 43. b4 {[%emt 0:00:22][%cal Ob4b5] And now b5! would win.} ({But not} 43. Nc5 Nxc5 44. dxc5 Ke6 $17) 43... Ke7 44. b5 Kd7 (44... axb5 $2 45. a6 $18) 45. bxa6 Kc7 {[%emt 0:00:30] [#]} 46. Nd8 $1 Kb8 (46... Kxd8 $2 47. a7 Ng5 48. a8=Q+ $18) 47. Nc6+ Ka8 48. Kf1 h5 49. Ke2 g5 50. Kf3 Nc3 51. Ke3 {[%emt 0:01:28] With the idea Nb4.} Nb5 52. Ne7 Nc7 53. Ng8 Ka7 54. Nf6 h4 55. Kf3 Kxa6 56. Kg4 Kxa5 57. Kxg5 Kb4 58. Kf5 Kc4 59. Ke5 Nb5 60. Nxd5 {[%emt 0:00:09] Black must now prevent Ne3+.} Nxd4 61. Ke4 Nc2 62. Ne3+ Nxe3 63. Kxe3 h3 64. gxh3 {[%emt 0:00:05] Threatening mate with Kf4.} Kd5 65. Kf4 {[%emt 0:00:05] Kg5 would kill now.} Ke6 {[%emt 0:00:01] Black escapes into a draw.  Weighted Error Value: White=0.20 (precise) /Black=0.17 (very precise)} 1/2-1/2

[Event "2nd Serbia Open Masters 2022"]
[Site "Novi Sad"]
[Date "2022.06.28"]
[Round "1.32"]
[White "Eren, Ataberk"]
[Black "Stremavicius, Titas"]
[Result "1-0"]
[ECO "A84"]
[WhiteElo "2273"]
[BlackElo "2508"]
[Annotator "TA"]
[PlyCount "135"]
[EventDate "2022.06.28"]
[EventType "swiss"]
[EventCountry "SRB"]
[SourceTitle "playchess.com"]
[Source "ChessBase"]
[SourceQuality "1"]
[TimeControl "40/5400+30:900+30"]

1. d4 f5 2. c4 Nf6 3. Nf3 e6 4. g3 Bb4+ 5. Bd2 Be7 6. Bg2 {[%emt 0:00:27] A84: Dutch Defence: 2 c4 Miscellaneous.} d5 7. O-O Ne4 8. Nc3 {[%emt 0:03:37] [#] White is slightly better.} Nxd2 $146 ({Predecessor:} 8... c6 9. Bf4 Nd7 10. h4 O-O 11. Rc1 Qe8 12. Ne5 Nxe5 13. Bxe5 Nd6 14. cxd5 exd5 {0-1 (38) Neukirchner,P (2285)-Rapport,R (2715) Karlsruhe 2018}) 9. Qxd2 c6 10. h4 Nd7 11. b3 O-O 12. e3 a5 13. Qc2 h6 14. Ne2 Bd6 15. Nf4 Qf6 16. a4 Re8 17. Qc3 e5 18. dxe5 Nxe5 19. Nd4 (19. Kh1 $11 {remains equal.}) 19... dxc4 20. bxc4 g5 (20... Bb4 $15 21. Qb3 g5 22. hxg5 hxg5) 21. hxg5 $11 hxg5 22. Nd3 (22. c5 $11) 22... Ng4 (22... Nxd3 $15 23. Qxd3 Bc5) 23. c5 Qh8 24. Rfe1 $1 Bxg3 25. fxg3 Qh2+ (25... Rxe3 $2 26. Qb3+ (26. Kf1 $2 Be6 $19) 26... Kf8 27. Nf3 Rxf3 28. Bxf3 $18) 26. Kf1 Qxg3 (26... Nxe3+ 27. Rxe3 $1 Rxe3 28. Qd2 Qxg3 29. Ne2 Rxe2 30. Qxe2 $16) 27. Ra2 (27. Nc2 f4 28. Nd4 (28. exf4 $2 Bf5 $19) 28... Nxe3+ 29. Rxe3 fxe3 30. Qb3+ Be6 $1 31. Nxe6 e2+ 32. Kg1 Qe3+ 33. Kh2 Rxe6 $19) 27... Nxe3+ (27... Nh2+ 28. Kg1 $16) 28. Rxe3 Rxe3 $17 29. Qc4+ Kf8 30. Ne2 Qg4 ({Better is} 30... Qh4 $1 $17 31. Qxh4 gxh4) 31. Qc3 $11 Kg8 {[%emt 0:02:16] Prevents Qh8+. ...Be6 is the strong threat.} 32. Qf6 {[%emt 0:01:21] aiming for Ne5.} Re6 {[%emt 0:08:44] Black is now going downhill.} (32... Rxd3 $11 33. Qg6+ Kh8 34. Qh6+ Kg8 35. Qg6+ Kh8 36. Qh6+ Kg8 37. Qg6+) 33. Qd8+ $18 {[%emt 0:00:15][%mdl 1024] White has strong compensation.} Kh7 (33... Kf7 $142 34. Qh8 (34. Qc7+ Kg8 $16) 34... Qh4 35. Ne5+ Rxe5 36. Qxe5 g4) 34. Ne5 $2 {[%emt 0:01:07] Chess con chili.} Qh5 $2 {[%emt 0:05:30][%mdl 8192] [#]} (34... Rxe5 $16 35. Qc7+ Bd7 36. Qxe5 f4) 35. Nd7 $2 {[%emt 0:00:47] Pair of Knights!} (35. Nf3 Re8 36. Qf6 (36. Nxg5+ Kg8 $11) 36... Kg8 $16) (35. Nf4 $1 gxf4 36. Bf3 Qh3+ 37. Rg2 Qh1+ 38. Kf2 Qxg2+ 39. Bxg2 Rxe5 40. Qc7+ Bd7 41. Qxe5) 35... Qf7 36. Nf8+ Kh6 $2 (36... Kg7 37. Nxe6+ Bxe6 38. Qxg5+ (38. Qxa8 Bxa2 39. Qd8 Qf6 $14) 38... Qg6 39. Qe7+ Qf7 40. Qg5+ Qg6 41. Qxg6+ Kxg6 42. Nf4+ Kf6 43. Nxe6 Kxe6) 37. Ra3 Re4 38. Bxe4 fxe4+ 39. Ke1 {[%emt 0:00:32] Threatens to win with Rg3.} Bg4 40. Qxa8 Qc4 41. Re3 {[%emt 0:04:49] Intending Qe8 and mate.} Bxe2 42. Qd8 (42. Rxe2 Qc3+ 43. Kf1 Qf3+ 44. Rf2 (44. Ke1 Qc3+ 45. Kd1 Qa1+ 46. Kd2 Qd4+ 47. Ke1 Qc3+ $11) 44... Qh3+ 45. Kg1 Qg3+ 46. Kf1 Qh3+ 47. Ke2 Qd3+ 48. Ke1 Qe3+ 49. Re2 (49. Kf1 Qh3+ $11) 49... Qc3+ 50. Kf2 Qf3+ 51. Kg1 (51. Ke1 Qc3+ $11) 51... Qxe2 $11) (42. Qxb7 $142 Qc1+ 43. Kxe2 Qc2+ 44. Ke1 Qc1+ 45. Kf2 Qd2+ 46. Re2 Qf4+ 47. Kg1 Qg4+ 48. Kf1 (48. Rg2 Qd1+ 49. Kf2 Qd2+ 50. Kg1 Qe1+ 51. Kh2 Qh4+ 52. Kg1 Qe1+ 53. Kh2 Qh4+ 54. Kg1 Qe1+ $11) 48... Qh3+ 49. Ke1 Qc3+ 50. Kd1 Qa1+ 51. Kc2 Qa2+ 52. Qb2 Qc4+ 53. Kb1 Qd3+ 54. Qc2) 42... Bf3 43. Qf6+ Kh5 {[%emt 0:00:02] Hoping for ...Qc1+.} 44. Qg6+ Kh4 45. Qh6+ (45. Ne6 {is a self mate.} Qc1+ 46. Kf2 Qd2+ 47. Kf1 Qxe3 48. Qh6+ Kg4 49. Qxg5+ Qxg5 50. Nxg5 Kxg5 51. Kg1 e3 52. Kf1 Kf5 53. Ke1 e2 54. Kf2 Kf4 55. Ke1 Kg3 56. Kd2 Kf2 57. Kd3 e1=Q 58. Kc2 Qb4 59. Kc1 Be4 60. Kd1 Qe1#) 45... Kg3 46. Qxg5+ Kh3 47. Qh6+ Kg2 48. Qg6+ Kh1 {[%emt 0:00:28] And now ...Qc1+ would win.} 49. Qh6+ Kg2 $1 {[%emt 0:00:13][%cal Rc4c1] [#]} 50. Qg7+ $1 Kh1 51. Qc3 Qxa4 {[%emt 0:02:38] ( -> ...Qd1+)} 52. Rxf3 (52. Kf1 $142 {White threatens Qh8+ and mate.} Bg2+ 53. Kf2 Qa2+ 54. Re2 Qf7+ 55. Ke3 (55. Kg3 Qg8+ 56. Kh4 Qxf8 $14) 55... Qxf8 56. Qe1+ Kh2 57. Qh4+ Kg1 58. Qf2+ (58. Re1+ Bf1 $18) 58... Qxf2+ 59. Rxf2) 52... exf3 53. Qxf3+ Kh2 $2 (53... Kg1 54. Qe3+ Kg2) 54. Ne6 Qb4+ 55. Kf2 Qb2+ 56. Qe2 Qf6+ {[%emt 0:00:08] [#]} 57. Ke3+ $1 Kg3 58. Kd3 Qf5+ 59. Kc3 Qf6+ 60. Nd4 a4 61. Qe3+ Kg2 62. Qe4+ Kg3 63. Qe3+ Kg2 $1 64. Qd2+ Kg3 65. Qd3+ Kg4 66. Kb4 Qf8 67. Qg6+ Kh3 68. Qf5+ {[%emt 0:01:26] Weighted Error Value: White=0.61/Black=0.27 (precise)} 1-0

[Event "2nd Serbia Open Masters 2022"]
[Site "Novi Sad"]
[Date "2022.06.28"]
[Round "1.33"]
[White "Dudin, Gleb"]
[Black "Colovic, Dusan"]
[Result "1-0"]
[ECO "D30"]
[WhiteElo "2473"]
[BlackElo "2271"]
[Annotator "TA"]
[PlyCount "73"]
[EventDate "2022.06.28"]
[EventType "swiss"]
[EventCountry "SRB"]
[SourceTitle "playchess.com"]
[Source "ChessBase"]
[SourceQuality "1"]
[TimeControl "40/5400+30:900+30"]

1. d4 d5 2. c4 e6 3. Nf3 a6 4. Nbd2 Nf6 5. g3 c5 6. cxd5 {[%emt 0:11:37] D30: Queen's Gambit Declined: Systems without Nc3.} exd5 7. dxc5 Bxc5 8. Nb3 {[%emt 0:00:16] The position is equal.} Ba7 9. Bg2 Nc6 10. O-O O-O 11. Nbd4 Re8 {[%emt 0:09:20] [#]} 12. b3 $146 ({Predecessor:} 12. Bf4 Nxd4 13. Nxd4 Qb6 14. Nb3 Bg4 15. Bf3 Bh3 16. Bg2 Qe6 17. Re1 Bxg2 18. Kxg2 {½-½ (53) Dubrovin,R (2235)-Shishkov,A (2352) Tallinn 2019}) 12... Nxd4 13. Nxd4 Bg4 14. Nf3 Ne4 {[%emt 0:27:44] ...Qf6 is the strong threat.} 15. Bb2 {[%emt 0:00:09] Inhibits Qf6.} Rc8 16. Qd3 Bf5 {[%emt 0:05:33][%cal Oe4g3] And now ...Nxg3! would win.} 17. Nh4 {[%emt 0:11:18] [#]} (17. Nd4 $11 Bg6 18. Qd1) 17... Qd7 ({Better is} 17... Nxf2 $1 $15 18. Qxf5 Rxe2) 18. Nxf5 $11 Qxf5 19. Bf3 h5 20. Rad1 $40 {[%emt 0:04:57][%mdl 128] White is up to no good.} h4 21. Qxd5 (21. Bd4 {seems wilder.} Bxd4 22. Qxd4 Rc2 23. a4) 21... Qxd5 22. Rxd5 hxg3 23. hxg3 Nxg3 (23... Rc2 $5 24. Bd4 Bxd4 25. Rxd4 Nd2 $11) 24. Re1 Ne4 {[%emt 0:05:32] Prevents Rg5.} 25. e3 Rc2 26. Re2 Rc7 27. Kg2 f6 28. Bh5 g6 (28... Rf8 $16 29. Bg6 Nc3 30. Bxc3 Rxc3) 29. Bf3 (29. Bxg6 $18 Rg7 {[#]} 30. Rg5 $3 ) 29... Kf7 30. Rd1 Kg7 31. Rh1 (31. a4 $16) 31... Rc5 $2 {[%emt 0:00:27] Black cannot hold the game after this.} (31... Ng5 $11) 32. Rh4 Nd6 33. Rd2 Bb8 (33... Rd8 34. Rf4 Rf5) 34. Ba3 $18 {[%emt 0:00:28] This bishop pair is nice.} Rg5+ 35. Kf1 Re6 (35... Nf7 {might work better.} 36. Bxb7 Rf5) 36. Rhd4 Nb5 (36... Rf5 $142 37. Bg4 (37. Bxd6 Rxd6 38. Rxd6 Bxd6 $16) 37... Ra5 38. Bxe6 Rxa3 39. Rxd6 Bxd6 40. Rxd6 b5 41. Rd7+ Kh6) 37. Rd7+ {[%emt 0:00:09] Weighted Error Value: White=0.22 (precise) /Black=0.39} 1-0

[Event "2nd Serbia Open Masters 2022"]
[Site "Novi Sad"]
[Date "2022.06.28"]
[Round "1.34"]
[White "Jain Kashish Manoj"]
[Black "Sadikhov, Ulvi"]
[Result "1-0"]
[ECO "B31"]
[WhiteElo "2271"]
[BlackElo "2491"]
[Annotator "TA"]
[PlyCount "81"]
[EventDate "2022.06.28"]
[EventType "swiss"]
[EventCountry "SRB"]
[SourceTitle "playchess.com"]
[Source "ChessBase"]
[SourceQuality "1"]
[TimeControl "40/5400+30:900+30"]

1. e4 c5 2. Nf3 Nc6 3. Bb5 Nf6 4. Nc3 g6 5. O-O Bg7 6. e5 Ng4 7. Bxc6 dxc6 8. Re1 O-O 9. d3 Nh6 {[%emt 0:04:05] B31: Sicilian: 2...Nc6 3 Bb5 g6.} 10. h3 b6 11. Bf4 Nf5 $1 {[%emt 0:02:54] The position is equal.} 12. Qd2 Re8 13. Ne4 {[%emt 0:18:33] [#]} Nd4 $146 ({Predecessor:} 13... Be6 14. Nfg5 Qd7 15. Nxe6 Qxe6 16. Ng5 Qc8 17. e6 f6 18. Nf3 Nd4 19. Nxd4 cxd4 {1-0 (36) Golubev,M (2461)-Okike,D (2157) Chess.com INT 2022}) 14. Nxd4 Qxd4 15. Nc3 Bf5 16. g4 Be6 17. Re4 Qd7 18. Bh6 Bh8 19. Rae1 Rad8 20. Qf4 f5 21. exf6 $1 exf6 22. R4e3 Bf7 23. Rxe8+ (23. Ne4 {feels hotter.} f5 24. gxf5 Qxf5 25. Qg3) 23... Rxe8 24. Rxe8+ Qxe8 25. Ne4 Qd8 26. h4 Bd5 27. a4 {[%emt 0:02:41] White is more active.} Bxe4 28. dxe4 $14 {[%emt 0:07:50][%mdl 4096] Endgame KQB-KQB} Kf7 29. Kg2 Ke6 30. b3 Qd1 31. Kh3 (31. c4 $14) 31... Qxc2 $2 (31... Qh1+ $11 32. Kg3 Qg1+ 33. Kh3 Qh1+ 34. Kg3 Qg1+ 35. Kh3 Qh1+) 32. Qb8 $1 $18 Qc3+ $2 (32... g5 33. Qe8+ (33. Qxh8 Qxf2 34. Qc8+ Ke7 $16) 33... Kd6 34. Bf8+ (34. Qxh8 Qxf2 35. Qb8+ Kd7 $14) 34... Kc7 35. Qf7+ Kd8 36. Be7+ Kc8) 33. Kg2 {[%emt 0:00:22] [#] White wants to mate with Bf8.} f5 34. Qe8+ Kd6 35. Qd8+ Ke6 36. gxf5+ gxf5 37. Qe8+ Kd6 38. Qd8+ (38. Bf4+ $142 Be5 39. Qf8+ Kd7 40. Qxf5+ Ke7 41. Bxe5 Qxb3 42. Qf6+ Ke8 43. Qxc6+ Ke7 44. Qd6+ Ke8 45. Bf6 Qg8+ 46. Bg5) 38... Ke6 39. Qe8+ (39. Qg8+ $142 Kd7 40. Qxh7+ Kd8 41. Bg5+ Kc8 42. Qxf5+ Kb8 43. Bf4+ Kb7 44. e5) 39... Kd6 40. Bf4+ Be5 41. Qf8+ {[%emt 0:16:37] Weighted Error Value: White=0.34/Black=0.60} 1-0

[Event "2nd Serbia Open Masters 2022"]
[Site "Novi Sad"]
[Date "2022.06.28"]
[Round "1.35"]
[White "Fernandez, Daniel Howard"]
[Black "Spyratos, Nikolaos"]
[Result "1-0"]
[ECO "A13"]
[WhiteElo "2503"]
[BlackElo "2268"]
[Annotator "TA"]
[PlyCount "119"]
[EventDate "2022.06.28"]
[EventType "swiss"]
[EventCountry "SRB"]
[SourceTitle "playchess.com"]
[Source "ChessBase"]
[SourceQuality "1"]
[TimeControl "40/5400+30:900+30"]

1. Nf3 Nf6 2. c4 e6 3. g3 a6 4. Nc3 d5 5. cxd5 exd5 6. Bg2 {[%emt 0:00:05] A13: English Opening: 1...e6.} Bd6 7. O-O O-O {[%emt 0:00:21] [#]} 8. b3 $146 {[%emt 0:00:34] White has an edge.} ({Predecessor:} 8. d3 Re8 9. Qc2 h6 10. e4 Nc6 11. a3 Bg4 12. Nxd5 Bxf3 13. Bxf3 Nxd5 14. exd5 {1-0 (43) Yevseev,D (2474)-Turov,M (2565) St Petersburg 2021}) 8... c6 9. Bb2 Bg4 10. d3 Re8 11. Qc2 Nbd7 12. e4 dxe4 13. dxe4 Qe7 14. Rae1 (14. Nh4 {keeps more tension.} h6 15. h3 g5 16. Nf5) 14... Bxf3 15. Bxf3 Rad8 16. Bg2 Ne5 17. Rd1 Ba3 18. Ba1 Qc5 19. Rxd8 Rxd8 20. Rd1 {[%emt 0:00:00] Inhibits Rd3.} (20. Qe2 $5 ) 20... Rd4 21. Qe2 Qd6 22. Rxd4 Qxd4 23. Qf1 {[%emt 0:00:00][%cal Oc3b5] aiming for Nb5!} Qd6 24. h3 Bc5 25. Nd1 h5 (25... Ng6 $5 26. Kh1 Qd2 $15) 26. Qe2 h4 27. gxh4 g6 28. Bc3 Bb4 29. Bxb4 Qxb4 30. f4 Qd4+ 31. Nf2 Ned7 32. Bf3 Nc5 33. Kf1 (33. e5 $11 Nd5 34. Bxd5 cxd5 35. Qd1 Qxd1+ 36. Nxd1) 33... Qa1+ (33... Ne6 $1 $15 34. Qd1 (34. Nd3 Qc3 $15) 34... Qc3) 34. Kg2 $11 Qc1 {[%emt 0:01:07] Inhibits Qd2.} 35. f5 gxf5 36. exf5 Qf4 (36... Ncd7 $11 {deserves consideration.}) 37. Ng4 $14 Nfe4 {[%emt 0:01:49] [#]} ({Black should try} 37... Nce4 $14) 38. Bxe4 $2 (38. Qe1 Kf8 $14) (38. b4 $1 $18 Qg3+ 39. Kh1 Qxg4 40. hxg4 Ng3+ 41. Kg2 Nxe2 42. Bxe2 (42. bxc5 Nc1 $16)) 38... Nxe4 $18 {[%emt 0:00:07][%mdl 4096] Endgame KQN-KQN} 39. Qd3 {[%emt 0:00:26] Inhibits Qg3+.} (39. Qe3 $14 Qxe3 40. Nxe3) 39... Kh7 $11 40. f6 Kg6 41. b4 Kh5 42. Qf3 Qxf3+ 43. Kxf3 {[%emt 0:00:03] KN-KN} Nc3 44. a3 Nd5 45. Ke4 Kxh4 46. Kf5 {[%emt 0:00:13] Nh6 is the strong threat.} Kh5 {[%emt 0:00:29] Inhibits Nh6.} (46... Kxh3 $2 47. Ne5 Kh4 48. Nxf7 $18) 47. Ne5 Ne3+ 48. Ke4 Nd5 (48... Nc2 $1 $11 {and Black is okay.}) 49. Nxf7 $18 {[%emt 0:00:10] And now Kf5 would win.} Nxf6+ {[%emt 0:00:06] [#]} 50. Kd4 $1 {[%emt 0:01:23] Hoping for Nd8.} Nd7 $2 (50... b6 51. Ne5 a5 52. Nxc6 axb4 53. Nxb4 (53. axb4 Kh4 $14) 53... Kh4) 51. Nd8 b5 52. Nxc6 Nb6 53. Ne5 (53. Nb8 $142 Kg6 54. Nxa6) 53... Kh4 54. Nd3 {[%emt 0:01:36] Threatens to win with Nc5.} Kxh3 55. Nc5 {[%emt 0:00:38] White mates.} Nc4 56. a4 Na3 57. a5 Nc2+ 58. Kc3 Ne3 59. Nxa6 Kg4 60. Nc7 {[%emt 0:00:02] Weighted Error Value: White=0.13 (very precise) /Black=0.44} 1-0

[Event "2nd Serbia Open Masters 2022"]
[Site "Novi Sad"]
[Date "2022.06.28"]
[Round "1.36"]
[White "Antova, Gabriela"]
[Black "Aditya Mittal"]
[Result "1/2-1/2"]
[ECO "D45"]
[WhiteElo "2293"]
[BlackElo "2490"]
[Annotator "TA"]
[PlyCount "80"]
[EventDate "2022.06.28"]
[EventType "swiss"]
[EventCountry "SRB"]
[SourceTitle "playchess.com"]
[Source "ChessBase"]
[SourceQuality "1"]
[TimeControl "40/5400+30:900+30"]

1. d4 Nf6 2. c4 e6 3. Nf3 d5 4. Nc3 c6 5. e3 Nbd7 6. Qc2 Bd6 7. b3 O-O 8. Be2 b6 9. O-O Bb7 10. Bb2 c5 11. Rfd1 {[%emt 0:08:32] D45: Semi-Slav: 5 e3.} cxd4 {[%emt 0:03:53] [#]} 12. exd4 $146 ({Predecessor:} 12. Nb5 Be7 13. exd4 a6 14. Nc3 Rc8 15. Qd3 dxc4 16. bxc4 Qc7 17. Ng5 Rfd8 18. Qh3 h6 {1-0 (71) Murshed,N (2443)-Mohammad,J (2184) Dhaka 2015}) 12... a6 13. a4 Rc8 14. Ba3 $1 Bxa3 15. Rxa3 Qe7 16. Nb1 e5 17. Nxe5 Nxe5 18. dxe5 Qxe5 {[%emt 0:00:03] [#] Strongly threatening ...Rfe8.} 19. Bf3 g5 (19... Ne4 $15) 20. h3 h5 21. Qe2 Qxe2 22. Bxe2 Rfe8 23. Ra2 Rcd8 24. Nc3 dxc4 $1 {[%emt 0:01:54] [#] Threatens to win with ...Rxd1+.} ({Resist} 24... d4 25. Rad2 $16) 25. Rxd8 Rxd8 26. bxc4 Rd6 27. a5 bxa5 {[%emt 0:01:29] The position is equal.} 28. Rxa5 g4 29. hxg4 hxg4 30. c5 Re6 31. Kh2 Kg7 32. Kg3 Bc8 33. Bc4 ({Wrong is} 33. Bxg4 $2 Nxg4 34. Kxg4 Re3+ 35. Kf4 Rxc3 $19) 33... Re5 34. Bxa6 Bxa6 35. Rxa6 Rxc5 $11 {[%emt 0:00:01] KRN-KRN} 36. Ne2 Rc4 37. Nf4 Rc3+ 38. f3 gxf3 39. gxf3 Rc4 40. Ra5 Rd4 {[%emt 0:00:00] Weighted Error Value: White=0.05 (flawless) /Black=0.04 (flawless)} 1/2-1/2